 Dungeon Crawl Stone Soup version 0.27-a0-887-gcab673c142 (webtiles) character file.

Game seed: 5776803193878875273

7903 leviel the Cleaver (level 11, -15/145 HPs)
             Began as a Hill Orc Berserker on Apr 4, 2021.
             Was an Elder of Trog.
             Demolished by a two-headed ogre
             ... wielding a +0 giant club
              (24 damage)
             ... while paralysed by a hornet
             ... on level 9 of the Dungeon.
             The game lasted 00:17:47 (10012 turns).

leviel the Cleaver (Hill Orc Berserker)            Turns: 10012, Time: 00:17:47

Health: -15/145    AC: 16    Str: 24    XL:     11   Next: 22%
Magic:  14/14      EV:  2    Int:  7    God:    Trog [****..]
Gold:   320        SH:  0    Dex: 16    Spells: 10/10 levels left

rFire    . . .     SeeInvis .   u - +2 hand axe (flame)
rCold    . . .     Faith    .   g - +0 buckler
rNeg     . . .     Spirit   .   c - +0 plate armour
rPois    .         Reflect  .   (no helmet)
rElec    .         Harm     .   (no cloak)
rCorr    .         Rampage  .   (no gloves)
Will     ++...                  k - +1 pair of boots
Stlth    ..........             (no amulet)
HPRegen  1.34/turn              s - +6 ring of dexterity
MPRegen  0.14/turn              (no ring)

@: paralysed, berserking, regenerating, slowed
A: no striking features
a: Renounce Religion, Berserk, Trog's Hand, Brothers in Arms


You were on level 9 of the Dungeon.
You worshipped Trog.
Trog was greatly pleased with you.
You visited 1 branch of the dungeon, and saw 9 of its levels.

You collected 320 gold pieces.

Inventory:

Hand Weapons
 a - a +0 hand axe
 u - a +2 hand axe of flaming (weapon)
Missiles
 l - 3 atropa-tipped darts
 r - a curare-tipped dart
Armour
 c - a +0 plate armour (worn)
 g - a +0 buckler (worn)
 k - a +1 pair of boots (worn)
Jewellery
 o - a ring of magical power
 s - a +6 ring of dexterity (left hand)
Wands
 b - a wand of paralysis (9)
 f - a wand of mindburst (18)
 q - a wand of digging (7)
 y - a wand of iceblast (5)
Scrolls
 h - 2 scrolls of magic mapping
 i - 3 scrolls of teleportation
 x - a scroll of silence
 z - a scroll of enchant armour {unknown}
 A - a scroll of identify
Potions
 d - a potion of heal wounds {unknown}
 e - a potion of attraction {unknown}
 j - a potion of lignification
 m - 2 potions of mutation {unknown}
 n - a potion of flight {unknown}
 p - 3 potions of curing {unknown}
 t - 3 potions of ambrosia {unknown}
 v - a potion of cancellation {unknown}
 w - a potion of berserk rage {unknown}


   Skills:
 + Level 9.3 Fighting
 + Level 13.1 Axes
 + Level 9.4 Armour
 + Level 3.1 Dodging
 + Level 0.9 Stealth
 - Level 4.0 Shields
 - Level 5.0 Invocations
 - Level 5.0 Evocations


You had 10 spell levels left.
You didn't know any spells.
Your spell library was empty.

Dungeon Overview and Level Annotations

Branches:
Dungeon (9/15)             Temple (0/1) D:5
   Lair: D:8-11         Orc: D:9-12

Altars:
Ashenzari
Dithmenos
Gozag
Hepliaklqana
Makhleb
Nemelex Xobeh
Okawaru
Ru
Trog
Uskayaw
Wu Jian
Yredelemnul
Zin

Annotations:
D:5 2 transporters, Zonian's ghost, novice HOMo
D:7 2 transporters, exclusion: ice statue, jasper's ghost, novice DsDe


Message History

The two-headed ogre hits you with a +0 giant spiked club.
The hornet barely misses you.
You feel yourself speed up.
The hornet stings you but does no damage.
Your ogre barely misses the two-headed ogre.
The two-headed ogre hits your ogre with a +0 giant club!
The two-headed ogre hits your ogre with a +0 giant spiked club.
Your ogre hits the two-headed ogre with a +0 giant spiked club!
The hornet stings you but does no damage.
Your skin crawls.
You feel strong-willed.
Your ogre closely misses the two-headed ogre.
You block the hornet's attack.
The two-headed ogre hits your ogre with a +0 giant club!!
The two-headed ogre closely misses your ogre.
A red film seems to cover your vision as you go berserk!
You feel yourself moving faster!
You feel mighty! The hornet barely misses you.
Your ogre hits the two-headed ogre with a +0 giant spiked club!
The two-headed ogre hits your ogre with a +0 giant club!!
Your ogre dies!
Your ogre's corpse disappears in a puff of smoke!
The hornet stings you but does no damage.
You slash the hornet! You burn the hornet.
The hornet is heavily wounded.
You slash the hornet! You burn the hornet.
The hornet is severely wounded.
The hornet barely misses you.
You closely miss the hornet.
The hornet is severely wounded.
The hornet stings you.
You suddenly lose the ability to move!
The hornet stings you.
* * * LOW HITPOINT WARNING * * *
You feel yourself slow down.
The two-headed ogre hits you with a +0 giant club!
* * * LOW HITPOINT WARNING * * *
The two-headed ogre hits you with a +0 giant spiked club!!
* * * LOW HITPOINT WARNING * * *
The hornet stings you but does no damage. x2
The two-headed ogre hits you with a +0 giant club!!
You die...

##.####.................>........
.....##.......#.#.#........#.....
......#....#.#...................
......#.#.#####......#.......#...
.._.....### #...#.#...........#
......#..### ##.##..............
(.....#.##.#######.........#.#..[
.....##.....##.#..#...#..........
##.####..#.....y@..>....(........
... .....#.....O......##.........
.##########.##..###....#.....8...
# #...#....##.............
##.#....................
####.#.................
######..........####
#..........#..## ##..#.....#....#


You could see a two-headed ogre and a hornet.

Vanquished Creatures
  Harold (D:7)
  A two-headed ogre (D:9)
  Maggie (D:6)
  2 trolls
  Grinder (D:3)
  Sigmund (D:3)
  11 yaks
  Edmund (D:6)
  An acid dragon (D:9)
  A water moccasin (D:5)
  4 orc warriors
  2 ice beasts
  An ogre (D:6)
  A necrophage (D:6)
  2 centaurs
  A phantom (D:6)
  A kobold brigand (D:7)
  2 bullfrogs
  A gnoll sergeant (D:6)
  5 scorpions
  A wyvern zombie (D:6)
  2 killer bees (D:8)
  15 wights
  2 howler monkeys (D:8)
  2 centaur zombies
  3 bullfrog zombies
  3 hounds
  2 jellies
  7 orc priests
  A bullfrog skeleton (D:5)
  A gnoll shaman (D:6)
  3 iguanas
  7 orc wizards
  A killer bee zombie (D:6)
  A centaur simulacrum (D:9)
  A hound zombie (D:5)
  A hound skeleton (D:5)
  A howler monkey zombie (D:9)
  9 gnolls (D:6)
  5 adders
  2 shadow imps
  2 ufetubi
  An adder skeleton (D:4)
  3 worms
  6 dart slugs
  23 orcs
  6 endoplasms
  2 giant cockroaches (D:4)
  7 goblins
  2 hobgoblins
  12 kobolds
  6 quokkas
  11 ball pythons
  4 bats
  5 frilled lizards
  5 rats (D:1)
206 creatures vanquished.

Vanquished Creatures (collateral kills)
  4 killer bees (D:8)
4 creatures vanquished.

Vanquished Creatures (others)
  3 plants (D:8)
3 creatures vanquished.

Grand Total: 213 creatures vanquished

Notes
Turn   | Place    | Note
-------+----------+-------------------------------------------
     0 | D:1      | leviel the Hill Orc Berserker began the quest for the Orb.
     0 | D:1      | Reached XP level 1. HP: 19/19 MP: 1/1
   125 | D:1      | Reached XP level 2. HP: 25/27 MP: 2/2
   593 | D:1      | Reached XP level 3. HP: 33/33 MP: 3/3
  1058 | D:2      | You fall into a shaft and drop 2 floors!
  1071 | D:3      | Noticed an orc warrior
  1102 | D:2      | Killed an orc warrior
  1103 | D:2      | Reached skill level 6 in Axes
  1103 | D:2      | Reached XP level 4. HP: 12/41 MP: 4/4
  1103 | D:2      | Reached XP level 5. HP: 14/47 MP: 5/5
  1414 | D:2      | Found a faded altar of an unknown god.
  1841 | D:3      | Reached ** piety under Trog
  1996 | D:3      | Found a hide-covered altar of Uskayaw.
  2007 | D:3      | Noticed Sigmund
  2037 | D:3      | Killed Sigmund
  2038 | D:3      | Reached skill level 5 in Fighting
  2038 | D:3      | Reached skill level 7 in Axes
  2038 | D:3      | Reached XP level 6. HP: 52/56 MP: 6/6
  2417 | D:3      | You fall into a shaft and drop 2 floors!
  2417 | D:5      | Entered Level 5 of the Dungeon
  2478 | D:5      | Reached skill level 1 in Shields
  2478 | D:5      | Reached XP level 7. HP: 36/61 MP: 7/7
  2850 | D:4      | Reached skill level 8 in Axes
  3024 | D:4      | Found a burning altar of Makhleb.
  3505 | D:4      | Reached *** piety under Trog
  3637 | D:3      | Noticed Grinder
  3647 | D:3      | Killed Grinder
  3648 | D:3      | Reached skill level 9 in Axes
  3648 | D:3      | Reached XP level 8. HP: 64/70 MP: 8/8
  3803 | D:3      | Found a broken altar of Ashenzari.
  4159 | D:5      | Found a glowing silver altar of Zin.
  4272 | D:5      | Found a staircase to the Ecumenical Temple.
  4281 | D:5      | Found a transporter.
  4283 | D:5      | Found a transporter.
  4285 | D:5      | Noticed Zonian's ghost (novice HOMo)
  4953 | D:6      | Noticed Maggie
  4955 | D:6      | Paralysed by Maggie for 2 turns
  5188 | D:5      | Reached skill level 10 in Axes
  5188 | D:5      | Reached skill level 5 in Armour
  5188 | D:5      | Reached skill level 1 in Invocations
  5271 | D:6      | Killed Maggie
  5272 | D:6      | Reached skill level 1 in Evocations
  5274 | D:6      | Reached XP level 9. HP: 72/78 MP: 8/10
  5844 | D:6      | Noticed Edmund
  5850 | D:6      | Killed Edmund
  5860 | D:6      | Reached skill level 11 in Axes
  6142 | D:7      | Reached XP level 10. HP: 70/86 MP: 13/13
  6246 | D:7      | Found a shadowy altar of Dithmenos.
  6589 | D:7      | Found a transporter.
  6597 | D:7      | Reached skill level 5 in Invocations
  6613 | D:7      | Noticed a boulder beetle
  6662 | D:7      | Noticed Harold
  6674 | D:7      | Killed Harold
  6675 | D:7      | Reached skill level 12 in Axes
  6842 | D:7      | Found a hazy altar of Hepliaklqana.
  7073 | D:7      | Reached **** piety under Trog
  7128 | D:7      | Noticed an ice statue
  7133 | D:7      | Noticed a boulder beetle
  7200 | D:7      | Noticed jasper's ghost (novice DsDe)
  7239 | D:7      | Found a transporter.
  7977 | D:8      | Found an iron altar of Okawaru.
  7988 | D:8      | Found a sacrificial altar of Ru.
  7988 | D:8      | Found a bloodstained altar of Trog.
  8021 | D:8      | Reached skill level 5 in Evocations
  9105 | D:9      | Found an ornate altar of the Wu Jian Council.
  9105 | D:9      | Found a sparkling altar of Nemelex Xobeh.
  9117 | D:9      | Reached XP level 11. HP: 65/95 MP: 14/14
  9195 | D:9      | Noticed a two-headed ogre
  9469 | D:9      | Killed a two-headed ogre
  9470 | D:9      | Reached skill level 13 in Axes
  9887 | D:9      | Found an opulent altar of Gozag.
  9916 | D:9      | Found a basalt altar of Yredelemnul.
  9981 | D:9      | Noticed a two-headed ogre
  9996 | D:9      | Paralysed by a hornet for 1 turns
 10010 | D:9      | Paralysed by a hornet for 3 turns
 10012 | D:9      | Demolished by a two-headed ogre

Illustrated notes

Levels and vault maps discovered:
D:1:      arrival_zaba_pyramid, layout_rooms, serial_curves, eino_curves_04,
          eino_curves_01
D:2:      layout_basic, basic_ecumenical_altar
D:3:      layout_loops_ring, nicolae_uskayaw_suspiria, general_overflow_altar,
          uniq_grinder, uniq_sigmund
D:4:      layout_basic, lemuel_crystal_altar
D:5:      layout_cave_pools, zin_academy, minmay_temple_entry_ruins,
          gammafunk_ghost_hive, kennysheep_cross_room, lightli_corner_chamber
D:6:      layout_cave_pools, glass_columns_a, uniq_maggie, uniq_edmund
D:7:      layout_loops_ring, old_standard_altar, old_standard_altar,
          nzn_ghost_randoct, uniq_harold
D:8:      layout_gridville, gammafunk_temple_overflow_forgotten
D:9:      layout_cross, lemuel_tele_altar, old_standard_altar,
          chequers_temple_overflow_statue_of_worship, serial_ice, serial_ice_f,
          serial_ice_a, serial_ice_b, serial_ice_h, enter_bailey_3

Skill      XL: |  1  2  3  4  5  6  7  8  9 10 11 |
---------------+----------------------------------+-----
Fighting       | 4 5 6 7 8 9 |  9.3
Axes           | 6 7 9 10 11 12 13 | 13.1
Dodging        | 2 3 |  3.1
Armour         | 3 4 5 6 8 9 |  9.4
Shields        | 1 2 3 4 |  4.0
Invocations    | 2 4 5 |  5.0
Evocations     | 1 3 5 |  5.0
Stealth        | |  0.9

Action                   |  1- 3 |  4- 6 |  7- 9 | 10-12 || total
-------------------------+-------+-------+-------+-------++-------
Melee: Hand axe          |    81 |   100 |   317 |   325 ||   823
Invok: Berserk           |     1 |     2 |     7 |     6 ||    16
       Trog's Hand       |       |     1 |     5 |     4 ||    10
       Brothers in Arms  |       |       |       |     2 ||     2
  Use: Scroll            |       |     1 |     7 |     2 ||    10
       Potion            |       |       |       |     1 ||     1
Armor: Animal skin       |    20 |     8 |       |       ||    28
       Chain mail        |       |    31 |       |       ||    31
       Skin              |       |     1 |       |    17 ||    18
       Plate armour      |       |    26 |   145 |   146 ||   317
Dodge: Dodged            |    55 |    40 |    61 |   103 ||   259
Block: Buckler           |       |    11 |    45 |    76 ||   132

Table legend: (Time is in decaauts)
 A = Elapsed time spent in this place.
 B = Non-inter-level travel time spent in this place.
 C = Inter-level travel time spent in this place.
 D = Time resting spent in this place.
 E = Time spent auto-exploring this place.
 F = Levels seen in this place.
 G = Mean time per level.
                   A        B        C        D        E       F      G
               +--------+--------+--------+--------+--------+-----+--------+
         Total |  10029 |   9877 |    152 |   2720 |   5533 |   9 | 1114.3 |
       Dungeon |  10029 |   9877 |    152 |   2720 |   5533 |   9 | 1114.3 |
               +--------+--------+--------+--------+--------+-----+--------+

Top non-repeatable levels by time:
     D:8: 1854 daAuts
     D:5: 1820 daAuts
     D:7: 1364 daAuts
     D:3: 1072 daAuts
     D:1: 1039 daAuts
     D:4: 886 daAuts
     D:2: 771 daAuts
     D:9: 649 daAuts
     D:6: 569 daAuts
